 Dungeon Crawl Stone Soup version 0.18.1-50-g88ac8fd (webtiles) character file.

18537 magog001 the Blocker (level 12, -10/106 HPs)
             Began as a Formicid Fighter on Oct 22, 2018.
             Was a Priest of Nemelex Xobeh.
             Mangled by a molten gargoyle
             ... wielding a +0 mace
              (12 damage)
             ... on level 11 of the Dungeon on Oct 23, 2018.
             The game lasted 01:15:38 (16769 turns).

magog001 the Blocker (Formicid Fighter)            Turns: 16769, Time: 01:15:41

Health: -10/106    AC: 21    Str: 28    XL:     12   Next: 96%
Magic:  11/11      EV: 10    Int: 10    God:    Nemelex Xobeh [***...]
Gold:   282        SH: 15    Dex:  8    Spells: 0 memorised, 11 levels left

rFire  . . .     SeeInvis +     y - +2 flail (protect)
rCold  . . .     Gourm    .     s - +5 ring mail
rNeg   . . .     Faith    .     p - +2 shield
rPois  +         Spirit   .     (helmet unavailable)
rElec  .         Dismiss  .     z - +2 cloak {rPois}
rCorr  .         Reflect  .     P - +1 pair of gloves
SustAt .         Harm     .     (no boots)
MR     ++...                    (no amulet)
Stlth  +++.......               G - ring of protection from magic
                                v - ring of poison resistance

@: very resistant to hostile enchantments, fairly stealthy
A: permanent stasis, dig shafts and tunnels, four strong arms, antennae 3, icy
blue scales 1, clever 1, clumsy 1, deformed body, low mp 1, robust 1, strong 1
a: Dig, Shaft Self, Triple Draw, Renounce Religion


You were on level 11 of the Dungeon.
You worshipped Nemelex Xobeh.
Nemelex Xobeh was most pleased with you.
You were not hungry.

You visited 2 branches of the dungeon, and saw 12 of its levels.

You collected 810 gold pieces.
You spent 528 gold pieces at shops.

Inventory:

Hand Weapons
 n - a +0 hunting sling
 y - a +2 flail of protection (weapon)
 B - a +0 blowgun
Missiles
 m - 69 poisoned needles
 w - 7 tomahawks
 A - 29 sling bullets
 K - 6 curare-tipped needles
 S - 5 javelins (quivered)
Armour
 p - a +2 shield (worn)
 s - a +5 ring mail (worn)
 z - a +2 cloak of poison resistance (worn)
 P - a +1 pair of gloves (worn)
Jewellery
 v - a ring of poison resistance (left hand)
 F - a +4 ring of dexterity {unknown}
 G - a ring of protection from magic (right hand)
Wands
 c - a wand of flame (13/48)
 j - a wand of disintegration (7/24)
 t - a wand of acid (7/15)
 I - a wand of lightning (8/15)
Scrolls
 b - 6 scrolls of remove curse
 e - 2 scrolls of fear
 f - 3 scrolls of identify
 i - a scroll of fog {unknown}
 l - 3 scrolls of enchant weapon {unknown}
 o - 3 scrolls of amnesia
 r - 7 scrolls of magic mapping
Potions
 a - 2 potions of brilliance
 d - a potion of resistance
 h - 2 potions of agility
 H - a potion of experience {unknown}
Miscellaneous
 g - a plain deck of changes
 k - a legendary deck of war {drawn: 2}
 u - a plain deck of war
 x - a lamp of fire
 D - a plain deck of war
 E - a plain deck of defence {drawn: 2}
 L - a plain deck of destruction
 M - a phantom mirror
 R - a crystal ball of energy
Comestibles
 q - a meat ration
 C - 2 bread rations
 J - 7 royal jellies


   Skills:
 * Level 10.1 Fighting
   Level 2.0(6.8) Axes
 * Level 10.0(10.1) Maces & Flails
   Level 1.4(2.0) Polearms
 * Level 9.4 Armour
 * Level 9.1 Stealth
 * Level 13.5 Shields
 + Level 0.4 Evocations


You had 11 spell levels left.
You didn't know any spells.

Dungeon Overview and Level Annotations

Branches:
Dungeon (11/15)            Temple (1/1) D:6            Lair (0/8) D:11
    Orc: D:9-12

Altars:
Ashenzari
Cheibriados
Dithmenos
Elyvilon
Fedhas
Gozag
Kikubaaqudgha
Makhleb
Nemelex Xobeh
Okawaru
Pakellas
Qazlal
Ru
Sif Muna
Trog
Vehumet
Xom
Yredelemnul
Zin
The Shining One

Shops:
D:5 [   D:7 (?*   D:9 [   D:11 [

Annotations:
D:5 Edmund


Innate Abilities, Weirdness & Mutations

You are under a permanent stasis effect.
You can dig through walls and to a lower floor.
Your four strong arms can wield two-handed weapons with a shield.
You have a pair of large antennae on your head (SInv).
You are partially covered in icy blue scales (AC +1).
Your mind is acute. (Int +2)
You are clumsy. (Dex -2)
Armour fits poorly on your strangely shaped body.
Your magical capacity is low (-10% MP).
You are robust (+10% HP).
Your muscles are strong. (Str +2)


Message History

You hit the molten gargoyle.
The molten gargoyle is moderately damaged.
The molten gargoyle hits you with a mace!
You are engulfed in flames!
You hit the molten gargoyle.
The molten gargoyle is moderately damaged.
The molten gargoyle blasts magma at you!
The bolt of magma hits you!
You barely miss the molten gargoyle.
The molten gargoyle is moderately damaged.
The molten gargoyle blasts magma at you!
The bolt of magma hits you!
* * * LOW HITPOINT WARNING * * *
You barely miss the molten gargoyle.
The molten gargoyle is moderately damaged.
The molten gargoyle hits you with a mace!
* * * LOW HITPOINT WARNING * * *
You are engulfed in flames!
You die...
Your body disappears without a glow.

#### ##...
#..#
#######.##
#....#...###.#
#......#.@...#
#.#..#...#9.##
#.#......#..#
#.##....##..#
#.##....# ..#
#..##..## ..#
#..##..# ..#
#...#### ..#
######..##
##....#


You could see a molten gargoyle.

Vanquished Creatures
  Gastronok (D:9)
  2 hill giants
  A deep elf mage (D:8)
  A cyclops (D:11)
  An ugly thing (D:8)
  A molten gargoyle (D:11)
  A gargoyle (D:10)
  A komodo dragon (D:11)
  3 kobold demonologists
  3 trolls
  A queen bee (D:11)
  A two-headed ogre (D:10)
  Sigmund (D:2)
  2 shadows (D:11)
  10 yaks
  2 wyverns
  3 hippogriffs
  Menkaure (D:7)
  2 hungry ghosts (D:10)
  2 water moccasins
  Duvessa (D:6)
  2 ice beasts
  3 orc warriors
  7 sky beasts
  3 phantoms
  An eye of draining (D:9)
  A necrophage (D:8)
  7 ogres
  5 centaurs
  The ghost of magog001 the Shield-Bearer, an amateur GrFi (D:3)
  7 big kobolds
  Blork the orc (D:5)
  7 giant frogs
  2 gnoll sergeants
  4 scorpions
  Dowan (D:7)
  23 killer bees
  7 wights
  7 howler monkeys
  7 crimson imps
  6 jellies
  3 centaur zombies
  5 lava snakes (D:11)
  2 giant frog skeletons
  3 giant frog zombies
  8 orc priests
  5 hounds
  5 iguanas
  14 orc wizards
  10 worker ants
  2 killer bee zombies
  2 sheep (D:11)
  2 hound zombies
  2 hound skeletons
  2 worker ant zombies
  2 howler monkey skeletons
  22 gnolls
  11 adders
  3 shadow imps
  2 worms
  7 giant geckos
  43 orcs
  3 ball pythons
  6 giant cockroaches
  6 hobgoblins
  11 jackals
  8 bats
  A giant gecko zombie (D:6)
  5 giant newts
  4 goblins
  27 kobolds
  2 quokka skeletons
  8 rats
379 creatures vanquished.

Vanquished Creatures (collateral kills)
  Maurice (D:9)
1 creature vanquished.

Vanquished Creatures (others)
  A sheep (D:11)
  11 plants (D:11)
12 creatures vanquished.

Grand Total: 392 creatures vanquished

Notes
Turn   | Place    | Note
--------------------------------------------------------------
     0 | D:1      | magog001 the Formicid Fighter began the quest for the Orb.
     0 | D:1      | Reached XP level 1. HP: 18/18 MP: 1/1
    91 | D:1      | Reached XP level 2. HP: 24/24 MP: 2/2
   112 | D:1      | Reached skill level 4 in Shields
   241 | D:1      | Reached skill level 1 in Stealth
   421 | D:2      | Reached XP level 3. HP: 29/29 MP: 1/3
   557 | D:2      | You fall through a shaft!
   922 | D:3      | Reached XP level 4. HP: 29/35 MP: 1/4
  1209 | D:2      | Reached skill level 5 in Shields
  1218 | D:2      | Reached XP level 5. HP: 17/42 MP: 1/5
  1451 | D:2      | Noticed Sigmund
  1475 | D:2      | Killed Sigmund
  1475 | D:2      | Reached skill level 1 in Polearms
  1475 | D:2      | Reached XP level 6. HP: 23/48 MP: 2/6
  1766 | D:2      | Reached skill level 5 in Armour
  2860 | D:3      | Noticed magog001's ghost (amateur GrFi)
  2881 | D:3      | Killed magog001's ghost
  2881 | D:3      | Reached skill level 6 in Shields
  2881 | D:3      | Reached XP level 7. HP: 26/55 MP: 7/7
  3159 | D:3      | Found a radiant altar of Vehumet.
  3159 | D:3      | Found a deep blue altar of Sif Muna.
  3280 | D:4      | Found a blossoming altar of Fedhas.
  3463 | D:4      | Reached skill level 1 in Maces & Flails
  4006 | D:5      | Entered Level 5 of the Dungeon
  4220 | D:5      | Found Wiam Teo's Armour Emporium.
  4345 | D:5      | Found a shadowy altar of Dithmenos.
  4591 | D:5      | Found a glowing silver altar of Zin.
  4620 | D:5      | Reached XP level 8. HP: 40/61 MP: 8/8
  4906 | D:5      | Noticed Blork the orc
  4912 | D:5      | Killed Blork the orc
  4974 | D:5      | Found a glowing silver altar of Zin.
  4974 | D:5      | Noticed Edmund
  5115 | D:5      | Reached skill level 5 in Fighting
  5115 | D:5      | Reached skill level 7 in Shields
  5476 | D:6      | Found an iron altar of Okawaru.
  5480 | D:6      | Found an oddly glowing altar of Pakellas.
  5637 | D:6      | Gained mutation: You are partially covered in icy blue scales (AC +1). [mutagenic meat]
  5638 | D:6      | Gained mutation: Armour fits poorly on your strangely shaped body. [mutagenic meat]
  5639 | D:6      | Gained mutation: Your magical capacity is low (-10% MP). [mutagenic meat]
  5640 | D:6      | Gained mutation: You are robust (+10% HP). [mutagenic meat]
  5908 | D:6      | Reached skill level 8 in Shields
  5908 | D:6      | Reached XP level 9. HP: 61/74 MP: 8/8
  6015 | D:6      | Found a staircase to the Ecumenical Temple.
  6021 | Temple   | Entered the Ecumenical Temple
  6030 | Temple   | Became a worshipper of Nemelex Xobeh the Trickster
  6379 | D:6      | Received a gift from Nemelex Xobeh
  6807 | D:6      | Reached skill level 5 in Stealth
  6990 | D:7      | Noticed Duvessa
  6990 | D:7      | Noticed Dowan
  6995 | D:7      | Killed Dowan
  7013 | D:6      | Killed Duvessa
  7013 | D:6      | Reached skill level 9 in Shields
  7295 | D:7      | Found a bloodstained altar of Trog.
  7472 | D:7      | Found Doih's Antique Weapon Emporium.
  7532 | D:7      | Noticed Menkaure
  7538 | D:7      | Killed Menkaure
  7538 | D:7      | Reached skill level 5 in Maces & Flails
  7810 | D:7      | Found Egid's Magic Scroll Boutique.
  7815 | D:7      | Reached * piety under Nemelex Xobeh
  7816 | D:7      | Bought a scroll of magic mapping for 42 gold pieces
  7816 | D:7      | Bought a scroll of magic mapping for 42 gold pieces
  7816 | D:7      | Bought a scroll of magic mapping for 42 gold pieces
  7816 | D:7      | Bought a scroll of identify for 24 gold pieces
  7816 | D:7      | Bought a scroll of magic mapping for 42 gold pieces
  7855 | D:7      | Reached XP level 10. HP: 84/84 MP: 9/9
  7867 | D:7      | Found Bethoaga's General Store.
  7875 | D:7      | Bought a plain deck of defence for 168 gold pieces
  8180 | D:7      | Received a gift from Nemelex Xobeh
  8296 | D:7      | Bought a plain deck of changes for 168 gold pieces
  8558 | D:8      | Reached skill level 10 in Shields
  9493 | D:8      | Noticed a purple ugly thing
  9496 | D:8      | Noticed a deep elf mage
  9541 | D:8      | Killed a purple ugly thing
  9556 | D:8      | Killed a deep elf mage
  9564 | D:8      | Gained mutation: Your magical capacity is very low (-20% MP). [mutagenic meat]
  9565 | D:8      | Lost mutation: Your magical capacity is very low (-20% MP). [mutagenic meat]
  9566 | D:8      | Gained mutation: Your mind is acute. (Int +2) [mutagenic meat]
 10331 | D:8      | Reached XP level 11. HP: 82/93 MP: 9/9
 10685 | D:8      | Reached skill level 11 in Shields
 11157 | D:9      | Noticed Gastronok
 11175 | D:9      | Killed Gastronok
 11217 | D:9      | Gained mutation: You are clumsy. (Dex -2) [mutagenic meat]
 11386 | D:9      | Noticed a hill giant
 11390 | D:9      | Noticed Maurice
 11396 | D:9      | Killed a hill giant
 11411 | D:9      | Killed Maurice
 11505 | D:9      | Reached skill level 12 in Shields
 11506 | D:9      | Reached ** piety under Nemelex Xobeh
 12023 | D:9      | Found an ancient bone altar of Kikubaaqudgha.
 12261 | D:9      | Received a gift from Nemelex Xobeh
 12540 | D:9      | Found Takhloa's Armour Shop.
 12594 | D:9      | Reached XP level 12. HP: 47/104 MP: 11/11
 12992 | D:10     | Entered Level 10 of the Dungeon
 14185 | D:11     | Reached *** piety under Nemelex Xobeh
 14186 | D:11     | Found a staircase to the Lair.
 14186 | D:11     | Received a gift from Nemelex Xobeh
 14744 | D:10     | Gained mutation: Your muscles are strong. (Str +2) [a neqoxec]
 14953 | D:11     | Found Hatwonya's Armour Emporium.
 14963 | D:11     | Reached skill level 13 in Shields
 15348 | D:11     | Found a snail-covered altar of Cheibriados.
 15869 | D:11     | Reached skill level 10 in Fighting
 16106 | D:11     | Reached skill level 10 in Maces & Flails
 16726 | D:11     | Received a gift from Nemelex Xobeh
 16769 | D:11     | HP: 2/106 [molten gargoyle/mace (12)]
 16769 | D:11     | Mangled by a molten gargoyle

Skill      XL: |  1  2  3  4  5  6  7  8  9 10 11 12 |
---------------+-------------------------------------+-----
Shields        | 4 5 6 8 9 10 12 13 | 13.5
Stealth        | 1 2 3 4 5 6 8 9 |  9.1
Armour         | 4 5 6 7 8 9 |  9.4
Fighting       | 4 5 6 7 9 10 | 10.1
Polearms       | 1 |  1.4
Maces & Flails | 1 3 5 7 8 10 | 10.0
Axes           | |  2.0
Evocations     | |  0.4

Action                   |  1- 3 |  4- 6 |  7- 9 | 10-12 || total
-------------------------+-------+-------+-------+-------++-------
Melee: War axe           |    25 |       |       |       ||    25
       Spear             |    99 |   145 |       |       ||   244
       Flail             |       |    27 |   453 |  1239 ||  1719
Throw: Javelin           |       |       |       |     8 ||     8
 Abil: Dig               |     1 |     2 |    13 |    17 ||    33
Evoke: Deck              |       |       |       |     9 ||     9
  Use: Potion            |       |     2 |     1 |    13 ||    16
       Scroll            |       |       |     9 |     7 ||    16
 Stab: Sleeping          |       |       |       |     8 ||     8
  Eat: Bread ration      |     1 |       |       |     2 ||     3
       Pizza             |       |     1 |       |       ||     1
       Chunk             |       |       |    11 |    19 ||    30
       Beef jerky        |       |       |     1 |     3 ||     4
       Royal jelly       |       |       |     1 |       ||     1
       Fruit             |       |       |    10 |       ||    10
       Meat ration       |       |       |       |     3 ||     3
Armor: Scale mail        |    60 |     4 |       |       ||    64
       Chain mail        |       |    60 |       |       ||    60
       Ring mail         |       |     7 |   238 |   418 ||   663
Dodge: Dodged            |    44 |    49 |   187 |   408 ||   688
Block: Shield            |    59 |    90 |   292 |   892 ||  1333
